 Dungeon Crawl Stone Soup version 0.28-a0-726-g4a9143789a (webtiles) character file.

Game seed: 4031938922670841513

532 tatocazan the Chopper (level 7, -1/82 HPs)
             Began as a Demonspawn Fighter on Oct 27, 2021.
             Succumbed to a water moccasin's poison
             ... on level 5 of the Dungeon.
             The game lasted 00:03:39 (3528 turns).

tatocazan the Chopper (Demonspawn Fighter)          Turns: 3528, Time: 00:03:40

Health: -1/82      AC: 11    Str: 19    XL:     7   Next: 4%
Magic:  7/7        EV:  9    Int:  9    God:
Gold:   171        SH:  5    Dex: 12    Spells: 6/6 levels left

rFire   . . .      SeeInvis .   a - +0 war axe
rCold   . . .      Faith    .   c - +0 buckler
rNeg    . . .      Spirit   .   b - +0 scale mail
rPois   .          Reflect  .   (helmet restricted)
rElec   .          Harm     .   e - +0 cloak
rCorr   .          Rampage  .   (no gloves)
Will    .....                   (no boots)
Stlth   ..........              (no amulet)
HPRegen 0.23/turn               (no ring)
MPRegen 0.10/turn               (no ring)

@: berserking, lethally poisoned (-1 -> -8), very quick
A: horns 1, molten scales 2
a: no special abilities


You were on level 5 of the Dungeon.
You visited 1 branch of the dungeon, and saw 5 of its levels.

You collected 171 gold pieces.

Inventory:

Hand Weapons
 a - a +0 war axe (weapon)
Armour
 b - a +0 scale mail (worn)
 c - a +0 buckler (worn)
 e - a +0 cloak (worn)
 j - a scarf of shadows
Jewellery
 u - an amulet of faith
Wands
 s - a wand of flame (13)
Scrolls
 g - 6 scrolls of identify {unknown}
 h - 2 scrolls of torment {unknown}
 i - a scroll of vulnerability {unknown}
 k - 2 scrolls of enchant weapon {unknown}
 o - a scroll of noise {unknown}
 p - a scroll of fear {unknown}
 q - a scroll of teleportation {unknown}
 r - a scroll of fog {unknown}
Potions
 d - 2 potions of might
 f - a potion of heal wounds {unknown}
 l - a potion of magic
 m - a potion of curing {unknown}
 n - a potion of berserk rage
 t - a potion of experience {unknown}


   Skills:
 + Level 4.4 Fighting
 * Level 4.6 Axes
 + Level 4.0 Armour
 + Level 4.0 Shields


You had 6 spell levels left.
You didn't know any spells.
Your spell library was empty.

Dungeon Overview and Level Annotations

Branches:
Dungeon (5/15)
 Temple: D:4-7

Altars:


Innate Abilities, Weirdness & Mutations

You have a pair of small horns on your head.
You are mostly covered in molten scales. (AC +3)


Message History

The water moccasin bites you but does no damage.
The water moccasin bites you.
* * * LOW HITPOINT WARNING * * *
You are lethally poisoned!
The water moccasin poisons you!
You now have 16/72 hp.
You slash the water moccasin!
You kill the water moccasin!
You barely miss the water moccasin. You hit the orc.
You kill the orc!
* * * LOW HITPOINT WARNING * * *
You feel very sick. The water moccasin barely misses you.
Your Armour skill increases to level 4!
Your Shields skill increases to level 4!
You have reached level 7!
You take 1 damage, and have 15/82 hp.
MP restored: 7 You slash the water moccasin!
The water moccasin is heavily wounded.
* * * LOW HITPOINT WARNING * * *
You feel very sick. The water moccasin bites you.
* * * LOW HITPOINT WARNING * * *
The water moccasin bites you.
* * * LOW HITPOINT WARNING * * *
You barely miss the water moccasin.
The water moccasin is heavily wounded.
* * * LOW HITPOINT WARNING * * *
You feel sick.
The water moccasin bites you but does no damage.
You take 13 damage, and have 2/82 hp.
You closely miss the water moccasin.
The water moccasin is heavily wounded.
* * * LOW HITPOINT WARNING * * *
You feel sick. The water moccasin barely misses you.
You take 1 damage, and have 1/82 hp.
You slash the water moccasin!
You kill the water moccasin!
You die...

#.......##
##.....##
##...####.#
#.........#
#.#.#.####
#.#.#.######
#.#........#####.
#.....##(#.......
########.@)#####
##..?# ##...#
....# #.../#
#..... #.... #...


There were no monsters in sight!

Vanquished Creatures
  2 water moccasins (D:5)
  2 ogres (D:4)
  A hound (D:4)
  An iguana (D:4)
  Natasha (thrice) (D:3)
  A hound skeleton (D:4)
  3 adders
  4 worms (D:2)
  2 dart slugs
  2 orcs
  4 bats
  8 endoplasms
  4 giant cockroaches
  3 hobgoblins
  4 jackals (D:3)
  7 kobolds
  6 quokkas
  3 ball pythons
  2 frilled lizards
  4 goblins
  3 rats
69 creatures vanquished.

Vanquished Creatures (others)
  4 plants (D:4)
4 creatures vanquished.

Grand Total: 73 creatures vanquished

Notes
Turn   | Place    | Note
-------+----------+-------------------------------------------
     0 | D:1      | tatocazan the Demonspawn Fighter began the quest for the
                  | Orb.
     0 | D:1      | Reached XP level 1. HP: 18/18 MP: 1/1
   216 | D:1      | Gained mutation: You are partially covered in molten
                  | scales. (AC +2) [demonic ancestry]
   216 | D:1      | Reached XP level 2. HP: 17/24 MP: 2/2
   961 | D:1      | Gained mutation: You are mostly covered in molten scales.
                  | (AC +3) [demonic ancestry]
   961 | D:1      | Reached XP level 3. HP: 28/29 MP: 3/3
  1273 | D:2      | Gained mutation: You have a pair of small horns on your
                  | head. [demonic ancestry]
  1273 | D:2      | Reached XP level 4. HP: 35/35 MP: 4/4
  1476 | D:3      | Found a faded altar of an unknown god.
  1482 | D:3      | Noticed Natasha
  1489 | D:3      | Killed Natasha
  1591 | D:3      | Noticed Natasha
  1596 | D:3      | Killed Natasha
  2136 | D:3      | Reached XP level 5. HP: 41/41 MP: 5/5
  2243 | D:3      | Noticed Natasha
  2281 | D:3      | Killed Natasha
  2467 | D:4      | Noticed an ogre
  3027 | D:4      | Killed an ogre
  3028 | D:4      | Reached XP level 6. HP: 48/48 MP: 6/6
  3484 | D:5      | Entered Level 5 of the Dungeon
  3505 | D:5      | Noticed a water moccasin
  3510 | D:5      | Noticed a water moccasin
  3524 | D:5      | Killed a water moccasin
  3525 | D:5      | Reached XP level 7. HP: 15/55 MP: 7/7
  3525 | D:5      | HP: 4/82 [water moccasin (4)]
  3527 | D:5      | HP: 1/82 [poisoned by a water moccasin]
  3528 | D:5      | Succumbed to a water moccasin's poison

Illustrated notes

Levels and vault maps discovered:
D:1:      heliophobic_arrival_battle_scene, layout_rooms
D:2:      layout_rooms
D:3:      layout_rooms, serial_co_window_serial, co_window_corner_a,
          co_window_corner_a, co_window_corner_a, co_window_of_opportunity_a,
          co_window_paths_b, co_window_cross_3, co_window_of_opportunity_b,
          co_window_of_opportunity_b, co_window_corner_cb,
          co_window_unsneaky_path_d, co_window_cross_4, co_window_broadway_a,
          co_window_paths_d, co_window_4corner_b, glass_columns_a,
          glass_columns_c, glass_columns_b, glass_columns_a,
          ebering_ecumenical_altar_webs, uniq_natasha
D:4:      layout_loops_ring, serial_forest, infiniplex_forest_side_room,
          infiniplex_forest_end_double, infiniplex_forest_clump_double,
          infiniplex_forest_lined_3, infiniplex_forest_end_2,
          infiniplex_forest_end_double, infiniplex_forest_3_way,
          infiniplex_forest_clump_tiny, infiniplex_forest_lined_3_way,
          guppyfry_early_lair_pool
D:5:      layout_loops_corners, nemelex_xobeh_ov_fountains_minmay,
          minmay_misc_feat_columns, nrook_mini_backslash

Skill      XL: |  1  2  3  4  5  6 |
---------------+-------------------+-----
Axes           | 2 3 4 |  4.6
Armour         | 3 4 |  4.0
Shields        | 3 4 |  4.0
Fighting       | 4 |  4.4

Action                   |  1- 3 |  4- 6 |  7- 9 || total
-------------------------+-------+-------+-------++-------
Melee: War axe           |   120 |    77 |     4 ||   201
       Headbutt          |       |    16 |       ||    16
Evoke: Wand              |       |    12 |       ||    12
  Use: Potion            |       |     2 |       ||     2
Armor: Scale mail        |    71 |    48 |     1 ||   120
Dodge: Dodged            |    69 |    48 |     1 ||   118
Block: Buckler           |    42 |    20 |       ||    62

Table legend: (Time is in decaauts)
 A = Elapsed time spent in this place.
 B = Non-inter-level travel time spent in this place.
 C = Inter-level travel time spent in this place.
 D = Time resting spent in this place.
 E = Time spent auto-exploring this place.
 F = Levels seen in this place.
 G = Mean time per level.
                   A        B        C        D        E       F      G
               +--------+--------+--------+--------+--------+-----+--------+
         Total |   3608 |   3497 |    111 |    315 |   2627 |   5 |  721.6 |
       Dungeon |   3608 |   3497 |    111 |    315 |   2627 |   5 |  721.6 |
               +--------+--------+--------+--------+--------+-----+--------+

Top non-repeatable levels by time:
     D:3: 1111 daAuts
     D:1: 1029 daAuts
     D:4: 989 daAuts
     D:2: 430 daAuts
     D:5: 46 daAuts
